 Dungeon Crawl Stone Soup version 0.25.0-26-g0c896c7088 (webtiles) character file.

Game seed: 15180991735606832442

74 Revguard the Charmwright (level 4, -3/33 HPs)
             Began as a Demonspawn Skald on July 5, 2020.
             Slain by Sigmund
             ... wielding a +3 scythe of protection
              (13 damage)
             ... on level 2 of the Dungeon.
             The game lasted 00:08:02 (3610 turns).

Revguard the Charmwright (Demonspawn Skald)         Turns: 3610, Time: 00:08:03

Health: -3/33      AC:  6    Str: 12    XL:     4   Next: 9%
Magic:  1/7        EV: 12    Int: 15    God:
Gold:   54         SH:  0    Dex: 12    Spells: 3/8 levels left

rFire    . . .     SeeInvis .   a - +0 falchion
rCold    . . .     Gourm    .   (no shield)
rNeg     . . .     Faith    .   b - +0 leather armour
rPois    .         Spirit   .   l - +0 helmet
rElec    .         Reflect  .   (no cloak)
rCorr    .         Harm     .   (no gloves)
MR       .....                  (no boots)
Stlth    +.........             (no amulet)
HPRegen  0.11/turn              (no ring)
MPRegen  0.10/turn              (no ring)

@: no status effects
A: iridescent scales 1, rot immunity
a: no special abilities


You were on level 2 of the Dungeon.
You were hungry.

You visited 1 branch of the dungeon, and saw 2 of its levels.

You collected 54 gold pieces.

Inventory:

Hand Weapons
 a - a +0 falchion (weapon)
Armour
 b - a +0 leather armour (worn)
 l - a +0 helmet (worn)
Scrolls
 c - a scroll of blinking {unknown}
 e - a scroll of teleportation {unknown}
 g - a scroll of enchant weapon {unknown}
 h - 2 scrolls of random uselessness {unknown}
 j - 4 scrolls of identify {unknown}
 m - a scroll of remove curse {unknown}
Potions
 k - a potion of curing
Comestibles
 d - 4 rations


   Skills:
 + Level 2.0 Fighting
 + Level 2.3 Long Blades
 + Level 1.7 Armour
 + Level 2.0 Dodging
 + Level 0.2 Stealth
 * Level 2.5 Spellcasting
 * Level 3.1 Charms
 * Level 0.6 Translocations


You had 3 spell levels left.
You knew the following spells:

 Your Spells              Type           Power        Failure   Level  Hunger
a - Infusion              Chrm           ##..         8%          1    #......
b - Song of Slaying       Chrm           ##......     12%         2    ###....
c - Shroud of Golubria    Chrm/Tloc      #.....       19%         2    ###....

Your spell library contained the following spells:

 Spells                   Type           Power        Failure   Level  Hunger
 Ozocubu's Armour         Chrm/Ice       #.......     38%         3    ###....
 Spectral Weapon          Hex/Chrm       #.......     38%         3    ###....


Dungeon Overview and Level Annotations

Branches:
Dungeon (2/15)

Altars:
Dithmenos

Annotations:
D:2 Sigmund


Innate Abilities, Weirdness & Mutations

You are partially covered in iridescent scales. (AC +2)
You are immune to rotting.


Message History

Sigmund closely misses you.
You riposte.
You hit Sigmund.
Sigmund is almost dead.
You hit Sigmund but do no damage.
Sigmund is almost dead.
Sigmund closely misses you.
You hit Sigmund but do no damage.
Sigmund is almost dead.
You barely miss Sigmund.
Sigmund is almost dead.
Sigmund hits you with a +3 scythe of protection.
You hit Sigmund.
Sigmund is almost dead.
You are no longer magically infusing your attacks.
Sigmund casts a spell.
Sigmund flickers and vanishes!
Deactivating autopickup; reactivate with Ctrl-A.
Your magical contamination has completely faded away.
You closely miss something. Something hits you.
You hit something. Something hits you!
You die...

#.# #......... ###.##
#.........
#....####.........
#.................
#....####.........
#.....<...........
######....#.#########.#
#....{....#..#.)..###.#
#.####@...##.#.##.....#
#.#..........#.########
#.#.##....####.# #
#.#.######.....# #
#.#.######.#####
#.#........#
#.###############
#........{......#
###############.# ###


There were no monsters in sight!

Vanquished Creatures
  3 adders (D:2)
  3 worms (D:2)
  3 dart slugs
  2 leopard geckos
  2 bats (D:1)
  3 giant cockroaches (D:1)
  5 goblins
  A hobgoblin (D:2)
  5 kobolds
  4 rats
31 creatures vanquished.

Notes
Turn   | Place    | Note
-------+----------+-------------------------------------------
     0 | D:1      | Revguard the Demonspawn Skald began the quest for the Orb.
     0 | D:1      | Reached XP level 1. HP: 16/16 MP: 3/3
   450 | D:1      | Reached skill level 1 in Armour
   554 | D:1      | Gained mutation: You are immune to rotting. [demonic
                  | ancestry]
   554 | D:1      | Reached XP level 2. HP: 22/22 MP: 5/5
   801 | D:1      | Learned a level 2 spell: Song of Slaying
   804 | D:1      | Learned a level 2 spell: Shroud of Golubria
  1452 | D:2      | Gained mutation: You are partially covered in iridescent
                  | scales. (AC +2) [demonic ancestry]
  1452 | D:2      | Reached XP level 3. HP: 16/27 MP: 0/6
  2187 | D:2      | HP: 1/27 [worm (6)]
  2481 | D:2      | Reached skill level 3 in Charms
  3059 | D:2      | Reached XP level 4. HP: 19/33 MP: 1/7
  3076 | D:2      | Found a shadowy altar of Dithmenos.
  3325 | D:2      | Noticed Sigmund
  3610 | D:2      | Slain by Sigmund

Illustrated notes

Levels and vault maps discovered:
D:1:      dpeg_arrival_rhombi, layout_loops_ring
D:2:      layout_basic, lemuel_doored_altar, uniq_sigmund

Skill      XL: |  1  2  3 |
---------------+----------+-----
Armour         | 1 |  1.7
Dodging        | 2 |  2.0
Long Blades    | 2 |  2.3
Charms         | 3 |  3.1
Fighting       | |  2.0
Stealth        | |  0.2
Spellcasting   | |  2.5
Translocations | |  0.6

Action                   |  1- 3 |  4- 6 || total
-------------------------+-------+-------++-------
Melee: Falchion          |   143 |    21 ||   164
 Cast: Shroud of Golubri |     7 |     1 ||     8
       Infusion          |     6 |     1 ||     7
       Song of Slaying   |     2 |       ||     2
  Use: Potion            |     4 |     1 ||     5
 Stab: Sleeping          |     1 |       ||     1
  Eat: Chunk             |     3 |     2 ||     5
       Ration            |     1 |       ||     1
Armor: Leather armour    |    54 |     3 ||    57
Dodge: Dodged            |    97 |    10 ||   107
       Rpst.: Falchion   |    35 |     2 ||    37
